 Dungeon Crawl Stone Soup version 0.31-a0-703-gcfe89afef6 (webtiles) character file.

Game seed: 15511840965079675922

11652 qw the Skirmisher (level 11, -6/72 HPs)
             Began as a Gargoyle Hunter on Sept 8, 2023.
             Was an Elder of Okawaru.
             Mangled by a yak (7 damage)
             ... on level 2 of the Lair of Beasts.
             The game lasted 00:05:00 (9397 turns).

qw the Skirmisher (Gargoyle Hunter)                 Turns: 9397, Time: 00:05:00

Health: -6/72      AC: 23    Str: 14    XL:     11   Next: 81%
Magic:  12/15      EV: 17    Int:  9    God:    Okawaru [****..]
Gold:   338        SH:  0    Dex: 21    Spells: 10/10 levels left

rFire   . . .        Y - +1 orcbow
rCold   . . .        (shield currently unavailable)
rNeg    + . .        k - +2 ring mail {rPois}
rPois   inf          (no helmet)
rElec   +            (no cloak)
rCorr   +            h - +0 pair of gloves
SInv    .            d - +0 pair of boots
Will    .....        b - amulet of the acrobat
Stlth   +++          f - ring of resist corrosion
HPRegen 0.32/turn    m - +4 ring of protection
MPRegen 0.14/turn

%: acrobat
@: heroic
A: sickness immunity, AC +8, negative energy resistance 1, electricity
resistance, torment resistance 1, petrification resistance, hooves 1, agile 1,
deterioration 1, mutation resistance 1, screaming 1
a: Renounce Religion, Heroism, Finesse


You were on level 2 of the Lair of Beasts.
You worshipped Okawaru.
Okawaru was greatly pleased with you.
You visited 3 branches of the dungeon, and saw 11 of its levels.

You collected 424 gold pieces.
You spent 86 gold pieces at shops.


Innate Abilities, Weirdness & Mutations

You are immune to sickness and miasma.
Your stone body is resilient. (AC +8)
You are immune to poison.
You resist negative energy. (rN+)
You are resistant to electric shocks. (rElec)
You are resistant to unholy torment.
You are immune to petrification.
You have large cloven feet.
You are agile. (Dex +4, Str/Int -1)
Your body sometimes deteriorates upon taking damage.
You are somewhat resistant to further mutation.
You occasionally shout uncontrollably at your foes.


   Skills:
 - Level 10.0(15.0) Fighting
 + Level 14.0(19.0) Ranged Weapons
 - Level 4.0(9.0) Armour
 - Level 5.0(10.0) Dodging
 - Level 1.1(6.1) Stealth
 + Level 5.9 Invocations


You had 10 spell levels left.
You didn't know any spells.
Your spell library was empty.

Inventory:

Hand Weapons
 Y - a +1 orcbow (weapon)
Armour
 d - a +0 pair of boots (worn)
 h - a +0 pair of gloves (worn)
 k - a +2 ring mail of poison resistance (worn)
 l - +0 acid dragon scales
Jewellery
 b - an amulet of the acrobat (around neck)
 f - a ring of resist corrosion (left hand)
 m - a +4 ring of protection (right hand)
 n - a ring of ice
 p - a ring of positive energy
Scrolls
 a - 4 scrolls of identify
Potions
 c - 2 potions of haste
 e - a potion of cancellation
 g - 3 potions of curing
 i - 2 potions of enlightenment
 j - 2 potions of might

Dungeon Overview and Level Annotations

Branches:
Dungeon (8/15)             Temple (1/1) D:5            Lair (2/5) D:8
  Swamp: Lair:2-3    Shoals: Lair:2-3     Snake: Lair:2-3    Spider: Lair:2-3

Altars:
Ashenzari
Cheibriados
Dithmenos
Elyvilon
Fedhas
Gozag
Hepliaklqana
Makhleb
Nemelex Xobeh
Okawaru
Qazlal
Ru
Sif Muna
Trog
Uskayaw
Vehumet
Wu Jian
Xom
Yredelemnul
Zin
The Shining One

Shops:
D:3 *

Annotations:
D:3 2 transporters, qw's ghost, amateur GrHu


Message History

You shoot an arrow. The arrow hits the komodo dragon!
The komodo dragon is moderately wounded.
The komodo dragon bites you but does no damage.
The yak closely misses you.
You shoot an arrow. The arrow hits the komodo dragon!!
You kill the komodo dragon!
Okawaru accepts your kill. The yak gores you but does no damage.
You shoot an arrow. The arrow hits the yak.
The yak is lightly wounded.
The yak closely misses you. The yak barely misses you.
The yak gores you but does no damage.
You shoot an arrow. The arrow hits the yak.
The yak is lightly wounded.
The komodo dragon hisses menacingly.
The yak barely misses you. The yak misses you. The yak gores you!
You shoot an arrow. The arrow hits the yak!
The yak is heavily wounded.
The yak gores you but does no damage. The yak closely misses you.
The yak gores you but does no damage.
You shoot an arrow. The arrow hits the yak!
The yak is almost dead.
The yak barely misses you.
You shoot an arrow. The arrow barely misses the yak.
The yak gores you but does no damage. The yak misses you.
You shoot an arrow. The arrow hits the yak!
You kill the yak!
Okawaru accepts your kill. The yak misses you. The yak gores you.
You shoot an arrow.
The arrow hits the yak but does no damage.
The yak misses you. The yak gores you but does no damage.
The yak closely misses you.
You shoot an arrow. The arrow barely misses the yak.
You feel like a meek peon again. The yak gores you but does no damage.
The yak gores you! The yak gores you.
9397 ||| INVOKING Heroism.
You gain the combat prowess of a mighty hero.
The yak barely misses you. The yak gores you. The yak gores you!
You die...

.... .....
..... ...[###
.... ......###
##. .##.......#
#..##.........#
#..........#
#.slY....!.##
#YY#Y.......###
#
#@YY........##
###Y.......#.##
#..........P.
##...#........
#.............
####.........#
##.<......#
##.......#
###......


You could see 7 yaks and a scorpion.

Vanquished Creatures
  A centaur warrior (D:8)
  Amaemon (Lair:1)
  A skyshark (Lair:2)
  Joseph (D:7)
  An orange demon (Lair:1)
  2 black mambas (Lair:1)
  A rime drake (D:8)
  A cane toad (Lair:1)
  3 komodo dragons
  A polar bear (D:8)
  A troll (D:8)
  Grinder (D:4)
  13 yaks
  Grum (D:8)
  A steam dragon (D:6)
  Edmund (D:4)
  An acid dragon (D:8)
  A water moccasin (Lair:1)
  4 ice beasts (D:8)
  4 orc warriors
  2 black bears (D:5)
  4 centaurs
  6 wolves (D:8)
  2 phantoms
  3 kobold brigands
  5 bullfrogs
  2 scorpions
  13 wights
  5 killer bees (D:7)
  A howler monkey (D:8)
  5 orc priests
  A jelly (D:6)
  5 hounds
  6 iguanas
  10 orc wizards
  A sleepcap (D:6)
  9 adders
  A shadow imp (D:6)
  A white imp (D:6)
  2 ufetubi
  2 worms
  A dart slug (D:3)
  35 orcs
  4 ball pythons
  6 endoplasms
  3 giant cockroaches
  9 goblins
  5 hobgoblins
  6 jackals
  26 kobolds
  6 quokkas
  3 bats
  5 frilled lizards
  5 rats
241 creatures vanquished.

Notes
Turn   | Place    | Note
-------+----------+-------------------------------------------
     0 | D:1      | qw the Gargoyle Hunter began the quest for the Orb.
     0 | D:1      | Reached XP level 1. HP: 12/12 MP: 1/1
     0 | D:1      | 0 ||| qw: Version: 0.3-a-76-g4403597
     0 | D:1      | 0 ||| qw: Game counter: 1278
     0 | D:1      | 0 ||| qw: Melee chars always use a shield: true
     0 | D:1      | 0 ||| qw: God list: Okawaru
     0 | D:1      | 0 ||| qw: Allow faded altars: false
     0 | D:1      | 0 ||| qw: Do Orc after clearing Dungeon:15 true
     0 | D:1      | 0 ||| qw: Do second Lair branch before Depths: true
     0 | D:1      | 0 ||| qw: Lair rune preference: random
     0 | D:1      | 0 ||| qw: Goals: Normal
     0 | D:1      | 0 ||| PLANNING D:1-11
   132 | D:1      | Reached XP level 2. HP: 17/17 MP: 2/2
   666 | D:1      | 666 ||| UPGRADING to +0 pair of boots.
   671 | D:1      | 671 ||| READING 2 scrolls labelled KOALEYHEGO.
   672 | D:1      | 672 ||| READING scroll labelled MAF SUTAILASCH.
   673 | D:1      | 673 ||| READING scroll labelled MICWEE XEZAIJ.
   674 | D:1      | 674 ||| DRINKING 2 red potions.
   675 | D:1      | 675 ||| DROPPING scroll of butterflies.
   676 | D:1      | 676 ||| DROPPING potion of brilliance.
   722 | D:2      | Reached skill level 5 in Ranged Weapons
   722 | D:2      | Reached XP level 3. HP: 20/21 MP: 3/3
   891 | D:2      | Reached skill level 3 in Fighting
   920 | D:2      | Reached XP level 4. HP: 28/28 MP: 4/4
  1256 | D:2      | Found a faded altar of an unknown god.
  1257 | D:2      | 1257 ||| UPGRADING to +0 ring mail.
  1267 | D:2      | 1267 ||| DROPPING +0 leather armour.
  1268 | D:2      | 1268 ||| UPGRADING to +0 pair of gloves.
  1273 | D:2      | 1273 ||| READING scroll labelled DERCHI MAUVUAPU.
  1274 | D:2      | 1274 ||| READING scroll labelled KYXY LELIXTEUL.
  1275 | D:2      | 1275 ||| READING scroll labelled UDEHUTYPRIA.
  1276 | D:2      | 1276 ||| DRINKING 2 coppery potions.
  1276 | D:2      | Gained mutation: You are agile. (Dex +4, Str/Int -1)
                  | [potion of mutation]
  1276 | D:2      | Gained mutation: You have a pair of small antennae on your
                  | head. [potion of mutation]
  1276 | D:2      | Gained mutation: You are occasionally teleported next to
                  | monsters. [potion of mutation]
  1276 | D:2      | Gained mutation: You have large cloven feet. [potion of
                  | mutation]
  1277 | D:2      | 1277 ||| DRINKING potion of mutation.
  1277 | D:2      | Lost mutation: You are occasionally teleported next to
                  | monsters. [potion of mutation]
  1277 | D:2      | Lost mutation: You have a pair of small antennae on your
                  | head. [potion of mutation]
  1277 | D:2      | Gained mutation: You occasionally shout uncontrollably at
                  | your foes. [potion of mutation]
  1277 | D:2      | Gained mutation: You are somewhat resistant to further
                  | mutation. [potion of mutation]
  1277 | D:2      | Gained mutation: Your body sometimes deteriorates upon
                  | taking damage. [potion of mutation]
  1278 | D:2      | 1278 ||| READING 2 scrolls of identify.
  1278 | D:2      | 1278 ||| IDENTIFYING black potion
  1319 | D:3      | Found a transporter.
  1451 | D:3      | Reached skill level 1 in Armour
  1586 | D:3      | Found Iseuniw's Assorted Antiques.
  1602 | D:3      | 1602 ||| BUYING 2 white potions (55 gold).
  1602 | D:3      | Bought 2 white potions for 55 gold pieces
  1602 | D:3      | 1602 ||| BUYING scroll labelled GAGIOQ FEPN (31 gold).
  1602 | D:3      | Bought a scroll labelled GAGIOQ FEPN for 31 gold pieces
  1602 | D:3      | 1602 ||| SHOPLISTING scroll labelled GAGIOQ FEPN (31 gold,
                  | have 5).
  1629 | D:3      | Reached XP level 5. HP: 32/32 MP: 5/5
  1654 | D:3      | 1654 ||| FLEEEEING.
  1655 | D:3      | 1655 ||| FLEEEEING.
  1656 | D:3      | 1656 ||| FLEEEEING.
  1657 | D:3      | 1657 ||| FLEEEEING.
  1667 | D:3      | 1667 ||| FLEEEEING.
  1678 | D:3      | 1678 ||| FLEEEEING.
  1679 | D:3      | 1679 ||| FLEEEEING.
  1680 | D:3      | 1680 ||| FLEEEEING.
  1681 | D:3      | 1681 ||| FLEEEEING.
  1682 | D:3      | 1682 ||| FLEEEEING.
  1683 | D:3      | 1683 ||| FLEEEEING.
  1684 | D:3      | 1684 ||| FLEEEEING.
  1685 | D:3      | 1685 ||| FLEEEEING.
  1686 | D:3      | 1686 ||| FLEEEEING.
  1692 | D:3      | 1692 ||| FLEEEEING.
  1693 | D:3      | 1693 ||| FLEEEEING.
  1694 | D:3      | 1694 ||| FLEEEEING.
  1695 | D:3      | 1695 ||| FLEEEEING.
  1696 | D:3      | 1696 ||| FLEEEEING.
  1697 | D:3      | 1697 ||| FLEEEEING.
  1698 | D:3      | 1698 ||| FLEEEEING.
  1720 | D:3      | HP: 8/32 [orc/+0 mace (5)]
  1721 | D:3      | Reached skill level 6 in Ranged Weapons
  1721 | D:3      | 1721 ||| DRINKING potion of heal wounds.
  1768 | D:3      | 1768 ||| Invisibility monster not found???
  1784 | D:3      | Found a transporter.
  1872 | D:3      | Noticed qw's ghost (amateur GrHu)
  1947 | D:3      | Found an ornate altar of the Wu Jian Council.
  2211 | D:3      | Identified the +6 chain mail of Incorporation {Rampage
                  | *Slow rC+ Slay+2}
  2404 | D:3      | 2404 ||| READING 2 scrolls labelled GAGIOQ FEPN.
  2409 | D:3      | 2409 ||| DRINKING 3 white potions.
  2410 | D:3      | 2410 ||| DRINKING 2 fizzy brown potions.
  2461 | D:4      | Noticed Grinder
  2470 | D:4      | Paralysed by Grinder for 4 turns
  2476 | D:4      | Killed Grinder
  2477 | D:4      | Reached XP level 6. HP: 29/40 MP: 6/6
  2559 | D:4      | HP: 10/40 [centaur/arrow (8)]
  2560 | D:4      | 2560 ||| READING scroll of teleportation.
  2805 | D:4      | 2805 ||| Stepping ~*~*~tactically~*~*~ (outnumbered).
  2821 | D:4      | Reached XP level 7. HP: 26/44 MP: 7/7
  2892 | D:4      | Noticed Edmund
  2893 | D:4      | 2893 ||| SWAPPING to +0 orcbow.
  2909 | D:4      | Killed Edmund
  2910 | D:4      | Reached skill level 7 in Ranged Weapons
  2939 | D:4      | 2939 ||| DROPPING +0 shortbow.
  3370 | D:4      | 3370 ||| UPGRADING to +2 ring mail of poison resistance.
  3380 | D:4      | 3380 ||| DROPPING +0 ring mail.
  3381 | D:4      | 3381 ||| READING scroll labelled ISAPYET KITUPS.
  3382 | D:4      | 3382 ||| READING 3 scrolls of identify.
  3382 | D:4      | 3382 ||| IDENTIFYING clear potion
  3383 | D:4      | 3383 ||| READING 2 scrolls of identify.
  3383 | D:4      | 3383 ||| IDENTIFYING amethyst potion
  3408 | D:5      | Entered Level 5 of the Dungeon
  3439 | D:5      | Found a staircase to the Ecumenical Temple.
  3440 | D:5      | 3440 ||| PLANNING TEMPLE
  3444 | D:5      | 3444 ||| FLEEEEING.
  3445 | D:5      | 3445 ||| FLEEEEING.
  3451 | D:5      | 3451 ||| FLEEEEING.
  3452 | D:5      | 3452 ||| FLEEEEING.
  3453 | D:5      | 3453 ||| FLEEEEING.
  3454 | D:5      | 3454 ||| FLEEEEING.
  3455 | D:5      | 3455 ||| FLEEEEING.
  3456 | D:5      | 3456 ||| FLEEEEING.
  3457 | D:5      | 3457 ||| FLEEEEING.
  3460 | D:5      | 3460 ||| FLEEEEING.
  3461 | D:5      | 3461 ||| FLEEEEING.
  3462 | D:5      | 3462 ||| STAIRDANCE
  3494 | D:5      | 3494 ||| STAIRDANCE
  3543 | D:5      | Found a sparkling altar of Nemelex Xobeh.
  3546 | Temple   | Entered the Ecumenical Temple
  3547 | Temple   | 3547 ||| PLANNING D:1-11
  3588 | D:5      | 3588 ||| FLEEEEING.
  3650 | D:5      | 3650 ||| FLEEEEING.
  3651 | D:5      | 3651 ||| FLEEEEING.
  3741 | D:5      | Reached skill level 8 in Ranged Weapons
  3741 | D:5      | Reached XP level 8. HP: 50/50 MP: 8/8
  3794 | D:5      | Found an iron altar of Okawaru.
  3795 | D:5      | 3795 ||| PLANNING OKAWARU WORSHIP
  3799 | D:5      | Became a worshipper of Warmaster Okawaru
  3800 | D:5      | 3800 ||| PLANNING D:1-11
  3835 | D:5      | Found a radiant altar of Vehumet.
  3886 | D:5      | Found a hazy altar of Hepliaklqana.
  4018 | D:5      | Reached * piety under Okawaru
  4019 | D:5      | Reached skill level 9 in Ranged Weapons
  4445 | D:6      | 4445 ||| STAIRDANCE
  4452 | D:6      | 4452 ||| STAIRDANCE
  4457 | D:5      | 4457 ||| INVOKING Heroism.
  4460 | D:5      | Reached skill level 6 in Fighting
  4462 | D:5      | Reached skill level 1 in Invocations
  4549 | D:6      | 4549 ||| STAIRDANCE
  4580 | D:6      | 4580 ||| STAIRDANCE
  4666 | D:6      | 4666 ||| STAIRDANCE
  4785 | D:6      | 4785 ||| INVOKING Heroism.
  4790 | D:6      | Reached skill level 3 in Invocations
  4804 | D:6      | 4804 ||| INVOKING Heroism.
  4816 | D:6      | Reached XP level 9. HP: 27/55 MP: 9/11
  4817 | D:6      | HP: 11/55 [something (11)]
  4822 | D:6      | 4822 ||| INVOKING Heroism.
  4866 | D:6      | 4866 ||| FLEEEEING.
  4867 | D:6      | 4867 ||| FLEEEEING.
  4875 | D:6      | 4875 ||| STAIRDANCE
  4970 | D:5      | 4970 ||| UPGRADING to ring of resist corrosion.
  4987 | D:6      | Reached skill level 10 in Ranged Weapons
  5003 | D:6      | 5003 ||| INVOKING Heroism.
  5029 | D:6      | Reached skill level 3 in Dodging
  5108 | D:6      | Reached skill level 3 in Armour
  5208 | D:6      | Identified the +4 trident "ETAOIN SHRDLU" {freeze, SInv}
  5328 | D:6      | 5328 ||| DRINKING 2 murky green potions.
  5329 | D:6      | 5329 ||| READING 3 scrolls of identify.
  5329 | D:6      | 5329 ||| IDENTIFYING dark potion
  5330 | D:6      | 5330 ||| READING 2 scrolls of identify.
  5330 | D:6      | 5330 ||| IDENTIFYING lumpy puce potion
  5331 | D:6      | 5331 ||| DROPPING potion of attraction.
  5332 | D:6      | 5332 ||| DROPPING potion of degeneration.
  5378 | D:7      | Found a broken altar of Ashenzari.
  5430 | D:7      | Noticed Joseph
  5439 | D:7      | 5439 ||| INVOKING Heroism.
  5440 | D:7      | 5440 ||| DRINKING 4 potions of curing.
  5440 | D:7      | 5440 ||| (to cure confusion)
  5443 | D:7      | Killed Joseph
  5545 | D:7      | 5545 ||| INVOKING Heroism.
  5587 | D:7      | 5587 ||| Stepping ~*~*~tactically~*~*~ (outnumbered).
  5767 | D:7      | 5767 ||| Stepping ~*~*~tactically~*~*~ (outnumbered).
  5769 | D:7      | 5769 ||| Stepping ~*~*~tactically~*~*~ (outnumbered).
  5777 | D:7      | Reached ** piety under Okawaru
  5971 | D:7      | 5971 ||| INVOKING Heroism.
  5978 | D:7      | Reached skill level 11 in Ranged Weapons
  5991 | D:7      | 5991 ||| INVOKING Heroism.
  6133 | D:7      | Found a shimmering altar of Xom.
  6281 | D:7      | Reached XP level 10. HP: 58/64 MP: 13/13
  6304 | D:7      | Found a stormy altar of Qazlal.
  6511 | D:7      | 6511 ||| UPGRADING to amulet of the acrobat.
  6516 | D:7      | 6516 ||| UPGRADING to +4 ring of protection.
  6517 | D:7      | 6517 ||| READING scroll labelled JUHOWU GAPOZOETIM.
  6594 | D:8      | 6594 ||| Stepping ~*~*~tactically~*~*~ (outnumbered).
  6596 | D:8      | 6596 ||| INVOKING Heroism.
  6644 | D:8      | Noticed Grum
  6645 | D:8      | 6645 ||| Stepping ~*~*~tactically~*~*~ (outnumbered).
  6649 | D:8      | 6649 ||| INVOKING Heroism.
  6653 | D:8      | 6653 ||| Stepping ~*~*~tactically~*~*~ (retreating).
  6654 | D:8      | 6654 ||| Stepping ~*~*~tactically~*~*~ (retreating).
  6655 | D:8      | 6655 ||| Stepping ~*~*~tactically~*~*~ (retreating).
  6656 | D:8      | 6656 ||| Stepping ~*~*~tactically~*~*~ (retreating).
  6659 | D:8      | 6659 ||| Stepping ~*~*~tactically~*~*~ (retreating).
  6672 | D:8      | Killed Grum
  6811 | D:8      | 6811 ||| Stepping ~*~*~tactically~*~*~ (retreating).
  6812 | D:8      | 6812 ||| Stepping ~*~*~tactically~*~*~ (retreating).
  6814 | D:8      | 6814 ||| Stepping ~*~*~tactically~*~*~ (retreating).
  6815 | D:8      | 6815 ||| Stepping ~*~*~tactically~*~*~ (retreating).
  6816 | D:8      | 6816 ||| Stepping ~*~*~tactically~*~*~ (retreating).
  6817 | D:8      | 6817 ||| Stepping ~*~*~tactically~*~*~ (retreating).
  6818 | D:8      | 6818 ||| Stepping ~*~*~tactically~*~*~ (retreating).
  6819 | D:8      | 6819 ||| Stepping ~*~*~tactically~*~*~ (retreating).
  6828 | D:8      | 6828 ||| Stepping ~*~*~tactically~*~*~ (retreating).
  6839 | D:8      | 6839 ||| INVOKING Heroism.
  6843 | D:8      | Reached skill level 12 in Ranged Weapons
  6964 | D:8      | 6964 ||| RETREATING.
  6978 | D:8      | 6978 ||| INVOKING Heroism.
  7007 | D:8      | 7007 ||| FLEEEEING.
  7080 | D:8      | 7080 ||| RETREATING.
  7103 | D:8      | 7103 ||| RETREATING.
  7112 | D:8      | 7112 ||| Stepping ~*~*~tactically~*~*~ (retreating).
  7113 | D:8      | 7113 ||| Stepping ~*~*~tactically~*~*~ (retreating).
  7114 | D:8      | 7114 ||| Stepping ~*~*~tactically~*~*~ (retreating).
  7132 | D:8      | Reached *** piety under Okawaru
  7233 | D:8      | 7233 ||| INVOKING Heroism.
  7330 | D:8      | 7330 ||| INVOKING Heroism.
  7362 | D:8      | 7362 ||| FLEEEEING.
  7363 | D:8      | 7363 ||| FLEEEEING.
  7478 | D:8      | Found a staircase to the Lair.
  7613 | D:8      | Noticed a centaur warrior
  7615 | D:8      | 7615 ||| READING scroll labelled FUNIUH PUAM.
  7616 | D:8      | 7616 ||| READING scroll labelled WIXAIS RUVUPA.
  7617 | D:8      | 7617 ||| READING 4 scrolls of identify.
  7617 | D:8      | 7617 ||| IDENTIFYING sedimented blue potion
  7618 | D:8      | 7618 ||| DROPPING potion of berserk rage.
  7682 | D:8      | 7682 ||| INVOKING Heroism.
  7693 | D:8      | Killed a centaur warrior
  7694 | D:8      | Reached skill level 13 in Ranged Weapons
  7694 | D:8      | Reached XP level 11. HP: 61/68 MP: 12/14
  7695 | D:8      | 7695 ||| Stepping ~*~*~tactically~*~*~ (retreating).
  7707 | D:8      | 7707 ||| INVOKING Heroism.
  7771 | D:8      | Identified the staff of the Neverending Queens {rElec Will-
                  | Str+3 Earth}
  7863 | D:8      | Reached skill level 9 in Fighting
  8031 | D:8      | 8031 ||| PLANNING LAIR
  8040 | Lair:1   | Entered Level 1 of the Lair of Beasts
  8041 | Lair:1   | 8041 ||| INVOKING Heroism.
  8114 | Lair:1   | 8114 ||| INVOKING Heroism.
  8275 | Lair:1   | 8275 ||| INVOKING Heroism.
  8395 | Lair:1   | 8395 ||| RETREATING.
  8396 | Lair:1   | 8396 ||| Stepping ~*~*~tactically~*~*~ (retreating).
  8397 | Lair:1   | 8397 ||| Stepping ~*~*~tactically~*~*~ (retreating).
  8398 | Lair:1   | 8398 ||| Stepping ~*~*~tactically~*~*~ (retreating).
  8399 | Lair:1   | 8399 ||| Stepping ~*~*~tactically~*~*~ (retreating).
  8400 | Lair:1   | 8400 ||| Stepping ~*~*~tactically~*~*~ (retreating).
  8401 | Lair:1   | 8401 ||| Stepping ~*~*~tactically~*~*~ (retreating).
  8402 | Lair:1   | 8402 ||| Stepping ~*~*~tactically~*~*~ (retreating).
  8416 | Lair:1   | Reached skill level 14 in Ranged Weapons
  8422 | Lair:1   | Noticed Amaemon
  8423 | Lair:1   | 8423 ||| INVOKING Heroism.
  8443 | Lair:1   | Killed Amaemon
  8443 | Lair:1   | Reached **** piety under Okawaru
  8446 | Lair:1   | HP: 14/72 [yak (9)]
  8447 | Lair:1   | HP: 5/72 [yak (9)]
  8807 | Lair:1   | 8807 ||| INVOKING Heroism.
  9311 | Lair:1   | 9311 ||| READING scroll labelled RESATHRUKUR.
  9312 | Lair:1   | 9312 ||| READING 5 scrolls of identify.
  9312 | Lair:1   | 9312 ||| IDENTIFYING blue potion
  9313 | Lair:1   | 9313 ||| DROPPING potion of invisibility.
  9349 | Lair:2   | 9349 ||| INVOKING Heroism.
  9354 | Lair:2   | 9354 ||| RETREATING.
  9355 | Lair:2   | 9355 ||| Stepping ~*~*~tactically~*~*~ (retreating).
  9356 | Lair:2   | 9356 ||| Stepping ~*~*~tactically~*~*~ (retreating).
  9357 | Lair:2   | 9357 ||| Stepping ~*~*~tactically~*~*~ (retreating).
  9361 | Lair:2   | 9361 ||| Stepping ~*~*~tactically~*~*~ (retreating).
  9364 | Lair:2   | 9364 ||| Stepping ~*~*~tactically~*~*~ (retreating).
  9365 | Lair:2   | Noticed a skyshark
  9374 | Lair:2   | 9374 ||| INVOKING Heroism.
  9386 | Lair:2   | Killed a skyshark
  9396 | Lair:2   | HP: 12/72 [yak (11)]
  9397 | Lair:2   | 9397 ||| INVOKING Heroism.
  9397 | Lair:2   | HP: 1/72 [yak (6)]
  9397 | Lair:2   | Mangled by a yak

Levels and vault maps discovered:
D:1:      scummos_arrival_simple_crosswalls, layout_rooms, serial_forest,
          infiniplex_forest_end_1, infiniplex_forest_clump_diagonal,
          infiniplex_forest_zigzag_1, infiniplex_forest_3_way,
          infiniplex_forest_straight_2, infiniplex_forest_clump_curved,
          infiniplex_forest_lined_room_3, infiniplex_forest_end_double
D:2:      layout_rooms, shapermc_ecumenical_altar_hornbeckon,
          hangedman_abyss_or_decor_stabs
D:3:      layout_basic, general_overflow_altar, serial_shops,
          nicolae_shop_overgrown_old_shop, gammafunk_ghost_stat_death
D:4:      layout_loops_ring, uniq_edmund, uniq_grinder
D:5:      layout_basic, okawaru_ov_weapons_minmay, vehumet_altar_wand_db,
          nzn_hepliaklqana_mist_gate, nicolae_overflow_crystal_walls,
          minmay_temple_entry_proselytizer
D:6:      wander_river, layout_rooms, corner_web_ring
D:7:      layout_loops_ring, lemuel_round_altar,
          nicolae_qazlal_eye_of_the_storm, nicolae_ashenzari_panopticon,
          nicolae_water_bricks, uniq_joseph
D:8:      layout_basic, hellmonk_lair_entry_icy, minmay_diamond_spiral,
          uniq_grum
Temple:   nicolae_temple_figure_eight
Lair:1:   layout_cave_pods, uniq_amaemon
Lair:2:   layout_cave_shapes, shoals_dummy_entry,
          nicolae_spider_entry_non_spiders

Skill      XL: |  1  2  3  4  5  6  7  8  9 10 11 |
---------------+----------------------------------+-----
Ranged Weapons | 5 6 8 9 11 13 14 | 14.0
Fighting       | 3 5 6 8 10 | 10.0
Armour         | 1 2 3 4 |  4.0
Dodging        | 2 3 4 5 |  5.0
Invocations    | 3 4 5 |  5.9
Stealth        | |  1.1

Action                     |  1- 3 |  4- 6 |  7- 9 | 10-12 || total
---------------------------+-------+-------+-------+-------++-------
   Fire: Shortbow          |   107 |   233 |       |       ||   340
         Orcbow            |       |       |   391 |   394 ||   785
 Invoke: Heroism           |       |       |     9 |    16 ||    25
    Use: Scroll            |     3 |     6 |     5 |     6 ||    20
         Potion            |     1 |     5 |     2 |       ||     8
 Armour: Leather armour    |    32 |    22 |       |       ||    54
         Ring mail         |       |   102 |   215 |   233 ||   550
  Dodge: Dodged            |    30 |   114 |   171 |   246 ||   561

Table legend:
 A = Non-vault XP
 B = Vault XP
 C = Vault XP percentage of total XP
 D = Non-vault monster count
 E = Vault monster count
 F = Vault count percentage of total count
                 A         B        C        D         E       F
            +---------+---------+-------+---------+---------+-------
      Total |   11045 |    5601 |  33.6 |     217 |      24 |  10.0
            +---------+---------+-------+---------+---------+-------
        D:1 |      30 |       0 |   0.0 |      19 |       0 |   0.0
        D:2 |      98 |       0 |   0.0 |      27 |       0 |   0.0
        D:3 |     119 |       0 |   0.0 |      22 |       0 |   0.0
        D:4 |     176 |     443 |  71.6 |      11 |       2 |  15.4
        D:5 |    1126 |      45 |   3.8 |      28 |       2 |   6.7
        D:6 |    1079 |       0 |   0.0 |      22 |       0 |   0.0
        D:7 |    1156 |     460 |  28.5 |      37 |       1 |   2.6
        D:8 |    1937 |    3442 |  64.0 |      32 |      17 |  34.7
     Lair:1 |    3234 |    1211 |  27.2 |      12 |       2 |  14.3
     Lair:2 |    2090 |       0 |   0.0 |       7 |       0 |   0.0
            +---------+---------+-------+---------+---------+-------
